 Dungeon Crawl Stone Soup version 0.28.0 (webtiles) character file.

Game seed: 13809820859149944574

44 AmazingTV the Skirmisher (level 3, -8/33 HPs)
             Began as a Minotaur Fighter on Mar 26, 2024.
             Killed from afar by Grinder (14 damage)
             ... with a puff of flame
             ... on level 3 of the Dungeon.
             The game lasted 00:03:09 (1855 turns).

AmazingTV the Skirmisher (Minotaur Fighter)         Turns: 1855, Time: 00:03:10

Health: -8/33      AC:  8    Str: 22    XL:     3   Next: 41%
Magic:  2/2        EV:  9    Int:  5    God:
Gold:   58         SH:  4    Dex:  9    Spells: 2/2 levels left

rFire   . . .      SeeInvis .   a - +0 war axe {axe}
rCold   . . .      Faith    .   c - +0 buckler
rNeg    . . .      Spirit   .   l - +0 scale mail
rPois   .          Reflect  .   (helmet restricted)
rElec   .          Harm     .   (no cloak)
rCorr   .          Rampage  .   o - +0 pair of gloves
Will    .....                   (no boots)
Stlth   ..........              (no amulet)
HPRegen 0.11/turn               (no ring)
MPRegen 0.08/turn               (no ring)

@: no status effects
A: horns 2, retaliatory headbutt
a: no special abilities


You were on level 3 of the Dungeon.
You visited 1 branch of the dungeon, and saw 3 of its levels.

You collected 58 gold pieces.


Innate Abilities, Weirdness & Mutations

You have a pair of horns on your head.
You reflexively headbutt those who attack you in melee.


   Skills:
 + Level 4.1 Fighting
 + Level 3.0(3.2) Axes
 + Level 1.3(2.4) Maces & Flails
 + Level 4.1 Armour
 + Level 4.0 Shields


You had 2 spell levels left.
You didn't know any spells.
Your spell library contained the following spells:

 Spells                   Type           Power      Damage    Failure   Level
 Foxfire                  Conj/Fire      0%         2x1d4     87%         1
 Conjure Flame            Conj/Fire      0%         6-21      99%         3
 Inner Flame              Hex/Fire       0%         N/A       99%         3
 Flame Wave               Conj/Fire      0%         2d4       100%        4

Inventory:

Hand Weapons
 a - a +0 war axe (weapon) {axe}
 b - a +0 hunting sling {sling}
   (You found it on level 2 of the Dungeon)
 r - a +1 vorpal mace {mace}
   (You found it on level 2 of the Dungeon)
Missiles
 k - 29 stones (quivered)
 m - 20 arrows
 q - 6 javelins
 t - 2 poisoned darts
Armour
 c - a +0 buckler (worn)
 l - a +0 scale mail (worn)
 o - a +0 pair of gloves (worn)
   (You found it on level 2 of the Dungeon)
Scrolls
 e - a scroll of fog {unknown}
 h - a scroll of fear {unknown}
 j - a scroll of brand weapon {unknown}
 n - a scroll of noise {unknown}
 p - a scroll of vulnerability {unknown}
Potions
 d - a potion of might
 f - 2 potions of haste {unknown}
 g - a potion of lignification {unknown}
 i - a potion of ambrosia {unknown}
 s - a potion of flight {unknown}

Dungeon Overview and Level Annotations

Branches:
Dungeon (3/15)

Altars:

Shops:
D:2 (

Annotations:
D:3 Grinder

#.# ##.##
##...##
####..#..###
##...........#
#...##.....#.#
##...###...##.#
......5##.###.#
.......@..# #.#
.......##.# #.#
......> #.# #.#
#....#. #.# #.#
#.#.##. #.. ...
#.≈≈ ≈. ... ..#
#.. ≈. #... ##
≈. ###


You could see Grinder.


Message History

You kill the quokka!
You barely miss the rat. You block the rat's attack. 😎 HP[+1]
Your hp is fully restored (33).
You slash the rat!
You kill the rat!
No target in view!
Things that are here:
a quokka corpse; a ball python corpse You see here a rat corpse.
s - a fizzy inky potion A ball python comes into view.
The ball python hisses angrily.
A ball python is nearby!
The ball python bites you. The ball python misses you.
The ball python barely misses you. The ball python grabs you.
The ball python constricts you. 😕 HP[-1]
You take 1 damage, and now have 32/33 hp.
You closely miss the ball python. The ball python barely misses you.
The ball python constricts you. 😎 HP[+1]
Your hp is fully restored (33).
You slash the ball python!
You kill the ball python!
t - 2 poisoned darts You see here a +0 robe.
You see here a +0 dagger {short}.
Done exploring.
Done exploring.
No target in view!
(D) Dungeon
Where to? (Enter - D:2, ? - help)
There is a stone staircase leading down here.
You climb downwards.
Found a stone staircase leading up.
There is a stone staircase leading up here.
Found a stone staircase leading down.
There is a stone staircase leading down here.
Found a stone staircase leading up.
There is a stone staircase leading up here.
A hobgoblin comes into view.
The hobgoblin shouts!
A hobgoblin is nearby!
A hobgoblin is nearby!
A ball python comes into view.
The ball python moves out of view.
The hobgoblin hits you.
You see here 11 gold pieces. 😕 HP[-2]
You take 2 damage, and now have 31/33 hp.
You hit the hobgoblin.
You kill the hobgoblin!
No target in view!
A ball python is nearby!
You see here a hobgoblin corpse.
The ball python closely misses you. The ball python barely misses you.
You block the ball python's attack. The ball python barely misses you.
You barely miss the ball python.
The ball python bites you but does no damage.
The ball python grabs you. The ball python constricts you.
You completely miss the ball python. You headbutt the ball python.
You kill the ball python!
No target in view!
You see here a hobgoblin corpse.
You now have 58 gold pieces (gained 11).
You see here a hobgoblin corpse.
Grinder comes into view.
She is carrying a wand of flame (16).
Grinder gestures at you. Pain shoots through your body!
Found a stone staircase leading down.
You block Grinder's attack.
You slash Grinder! Grinder hits you.
You writhe in agony. 😮 HP[-9]
You take 9 damage, and now have 22/33 hp.
MASSIVE DAMAGE!! (PAUSE)
You slash Grinder! Grinder hits you but does no damage.
You hit Grinder but do no damage.
Grinder zaps a wand.
The puff of flame hits you.
* * * LOW HITPOINT WARNING * * *
Grinder zaps a wand.
The puff of flame hits you.
* * * LOW HITPOINT WARNING * * *
😨 HP[-8]
You take 8 damage, and now have 14/33 hp.
MASSIVE DAMAGE!! (PAUSE)
You barely miss Grinder. Grinder hits you.
* * * LOW HITPOINT WARNING * * *
You writhe in agony.
* * * LOW HITPOINT WARNING * * *
😱 HP[-8]
You take 8 damage, and now have 6/33 hp.
MASSIVE DAMAGE!! (PAUSE)
You hit Grinder but do no damage. You block Grinder's attack.
You barely miss Grinder.
Grinder zaps a wand.
The puff of flame hits you!
You die...

Skill      XL: |  1  2 |
---------------+-------+-----
Maces & Flails | 1 |  1.3
Armour         | 4 |  4.1
Fighting       | 4 |  4.1
Axes           | 3 |  3.0
Shields        | 4 |  4.0

Action                   || total
-------------------------++-------
Melee: War axe           ||    77
       Headbutt          ||     8
Armor: Scale mail        ||    29
Dodge: Dodged            ||    40
Block: Buckler           ||    27

Levels and vault maps discovered:
D:1:      amcnicky_arrival_abandoned_market, layout_loops_ring,
          hellmonk_ecumenical_altar_heavens_door, nrook_uturn,
          minmay_strange_pillars, due_unseen_surprise
D:2:      layout_loops_cross, serial_shops, nicolae_shop_bloodbath_and_beyond
D:3:      layout_loops_ring, kennysheep_flooded_box,
          chequers_serial_rivers_micro_d, uniq_natasha, uniq_grinder

Notes
Turn   | Place    | Note
-------+----------+-------------------------------------------
     0 | D:1      | AmazingTV the Minotaur Fighter began the quest for the Orb.
     0 | D:1      | Reached XP level 1. HP: 19/19 MP: 0/0
     0 | D:1      | magus.rc [v1.9.6]
   243 | D:1      | Found a faded altar of an unknown god.
   522 | D:1      | Reached XP level 2. HP: 27/27 MP: 1/1
  1146 | D:2      | Reached skill level 1 in Maces & Flails
  1231 | D:2      | Found Qymoir's Weapon Emporium.
  1339 | D:2      | You pick up a book of Flames and begin reading...
  1339 | D:2      | You add the spells Foxfire, Conjure Flame, Inner Flame and
                  | Flame Wave to your library.
  1468 | D:2      | Reached skill level 4 in Armour
  1542 | D:2      | Reached skill level 4 in Fighting
  1542 | D:2      | Reached skill level 3 in Axes
  1542 | D:2      | Reached skill level 4 in Shields
  1542 | D:2      | Reached XP level 3. HP: 33/33 MP: 2/2
  1848 | D:3      | Noticed Grinder
  1853 | D:3      | HP: 6/33 [Grinder (3)]
  1855 | D:3      | Killed from afar by Grinder

Vanquished Creatures
  An adder (D:2)
  4 ball pythons
  4 bats
  2 endoplasms
  A giant cockroach (D:2)
  5 goblins
  4 hobgoblins
  4 kobolds
  2 quokkas
  3 frilled lizards
  2 rats
32 creatures vanquished.

Table legend:
 A = Non-vault XP
 B = Vault XP
 C = Vault XP percentage of total XP
 D = Non-vault monster count
 E = Vault monster count
 F = Vault count percentage of total count
                 A         B        C        D         E       F
            +---------+---------+-------+---------+---------+-------
      Total |      64 |       0 |   0.0 |      32 |       0 |   0.0
            +---------+---------+-------+---------+---------+-------
        D:1 |      21 |       0 |   0.0 |      13 |       0 |   0.0
        D:2 |      39 |       0 |   0.0 |      17 |       0 |   0.0
        D:3 |       4 |       0 |   0.0 |       2 |       0 |   0.0
            +---------+---------+-------+---------+---------+-------

Illustrated notes

Table legend:
 A = Kills in this place as a percentage of kills in entire the game.
 B = Kills by you in this place as a percentage of kills by you in the entire game.
 C = Kills by friends in this place as a percentage of kills by friends in the entire game.
 D = Other kills in this place as a percentage of other kills in the entire game.
 E = Experience gained in this place as a percentage of experience gained in the entire game.
 F = Experience gained in this place divided by the number of levels of this place that you have seen.
                   A       B       C       D       E      F
               +-------+-------+-------+-------+-------+----------------------
         Total | 100.0 | 100.0 |   N/A |   N/A | 100.0 |  21.3
       Dungeon | 100.0 | 100.0 |   N/A |   N/A | 100.0 |  21.3
               +-------+-------+-------+-------+-------+----------------------

Table legend: (Time is in decaauts)
 A = Elapsed time spent in this place.
 B = Non-inter-level travel time spent in this place.
 C = Inter-level travel time spent in this place.
 D = Time resting spent in this place.
 E = Time spent auto-exploring this place.
 F = Levels seen in this place.
 G = Mean time per level.
                   A        B        C        D        E       F      G
               +--------+--------+--------+--------+--------+-----+--------+
         Total |   1885 |   1778 |    107 |      0 |   1551 |   3 |  628.3 |
       Dungeon |   1885 |   1778 |    107 |      0 |   1551 |   3 |  628.3 |
               +--------+--------+--------+--------+--------+-----+--------+

Top non-repeatable levels by time:
     D:1: 1090 daAuts
     D:2: 681 daAuts
     D:3: 113 daAuts
